 Dungeon Crawl Stone Soup version 0.29.0-4-gdea44cf6ec (webtiles) character file.

Game seed: 3986850631931752759

2517 qw the Cleaver (level 9, -4/85 HPs)
             Began as a Gargoyle Berserker on Sept 4, 2022.
             Was a Priest of Trog.
             Slain by an orc warrior
             ... wielding a +0 glaive
              (7 damage)
             ... on level 5 of the Dungeon.
             The game lasted 00:02:08 (6925 turns).

qw the Cleaver (Gargoyle Berserker)                 Turns: 6925, Time: 00:02:08

Health: -4/85      AC:  1    Str: 25    XL:     9   Next: 54%
Magic:  9/9        EV: 10    Int:  8    God:    Trog [***...]
Gold:   240        SH:  0    Dex:  9    Spells: 8/8 levels left

rFire   . . .      SeeInvis .   Y - +0 war axe (chaos)
rCold   . . .      Faith    .   (no shield)
rNeg    + . .      Spirit   .   d - +0 scale mail
rPois   inf        Reflect  .   (no helmet)
rElec   +          Harm     .   a - +2 cloak
rCorr   .          Rampage  .   i - +0 pair of gloves
Will    .....                   b - +2 pair of boots
Stlth   ..........              (no amulet)
HPRegen 0.24/turn               (no ring)
MPRegen 0.11/turn               (no ring)

@: berserking (expiring), corroded, very quick
A: sickness immunity, AC +6, negative energy resistance 1, electricity
resistance, torment resistance 1, petrification resistance
a: Renounce Religion, Berserk, Trog's Hand


You were on level 5 of the Dungeon.
You worshipped Trog.
Trog was most pleased with you.
You visited 1 branch of the dungeon, and saw 6 of its levels.

You collected 240 gold pieces.


Innate Abilities, Weirdness & Mutations

You are immune to sickness and miasma.
Your stone body is resilient. (AC +6)
You are immune to poison.
You resist negative energy. (rN+)
You are resistant to electric shocks. (rElec)
You are resistant to unholy torment.
You are immune to petrification.


   Skills:
 - Level 7.0 Fighting
 + Level 9.7 Axes
 - Level 1.7 Throwing
 - Level 5.2 Armour
 - Level 1.5 Dodging


You had 8 spell levels left.
You didn't know any spells.
Your spell library was empty.

Inventory:

Hand Weapons
 k - a +2 morningstar
 Y - a +0 war axe of chaos (weapon)
Armour
 a - a +2 cloak (worn)
 b - a +2 pair of boots (worn)
 d - a +0 scale mail (worn)
 i - a +0 pair of gloves (worn)
Scrolls
 f - a scroll of identify
Potions
 c - a potion of curing
 g - 3 potions of heal wounds

Dungeon Overview and Level Annotations

Branches:
Dungeon (6/15)             Temple (0/1) D:5

Altars:
Hepliaklqana
Nemelex Xobeh
Okawaru
Ru
Yredelemnul
Zin


Message History

The orc warrior hits you with a +0 long sword!
You slash the rust devil!
The rust devil is heavily wounded.
You hit the rust devil but do no damage.
You hit the orc warrior. You freeze the orc warrior.
You hit the rust devil but do no damage.
The rust devil is heavily wounded.
You closely miss the rust devil. You closely miss the orc warrior.
The rust devil hits you. The rust devil corrodes you!
The orc warrior hits you from afar with a +0 glaive!
The rust devil closely misses you.
The orc warrior hits you with a +0 long sword!!
You slash the rust devil!
The rust devil is poisoned.
The rust devil is severely wounded.
You hit the rust devil.
The rust devil is poisoned.
You hit the orc warrior. You freeze the orc warrior.
The rust devil closely misses you. The orc warrior barely misses you.
The rust devil hits you. The rust devil corrodes you!
The orc warrior hits you with a +0 long sword!
You slash the rust devil!
You kill the rust devil!
Trog accepts your kill.
You hit the rust devil but do no damage.
You slice the orc warrior!! You burn the orc warrior.
You kill the orc warrior!
Trog accepts your kill.
Your Armour skill gained 2 levels and is now at level 5!
You hit the rust devil but do no damage.
The rust devil is lightly wounded.
The rust devil closely misses you. The orc warrior completely misses you.
You hit the rust devil.
The rust devil convulses.
The rust devil is moderately wounded.
The rust devil barely misses you. The orc warrior closely misses you.
You hit the rust devil.
The rust devil is heavily wounded.
You hit the rust devil but do no damage.
The rust devil is heavily wounded.
The rust devil hits you. The rust devil corrodes you!
The orc warrior hits you from afar with a +0 glaive!
You die...

##...###...#....##.#...
#..###\###......#......
##.##7...7##.....##.....
#..#).....)#.....##.....
#.###.....###........... ###.#
+..8..+ #...........
###...###..o..###...........
#......#)..4..)#............
#.<....##7.@)7##............
##......###>###............. ####
##........###...............
#..###......##.....#....#........
....#.........#....#.......##....
................%...#......#.....
....##....##.....................
.......#.###..#....##.........#.#
.......).#..####...###........###


You could see a rust devil (very poisoned) and an orc warrior.

Vanquished Creatures
  A rust devil (D:5)
  Grinder (D:4)
  Edmund (D:5)
  An orc warrior (D:5)
  An ice beast (D:6)
  2 black bears (D:5)
  A phantom (D:5)
  2 kobold brigands (D:4)
  2 necrophages
  4 scorpions
  10 wights (D:6)
  A howler monkey (D:4)
  3 hounds
  2 jellies
  An orc priest (D:5)
  2 iguanas
  An orc wizard (D:5)
  5 adders
  A worm (D:4)
  5 dart slugs
  19 orcs
  6 ball pythons
  5 bats
  8 endoplasms
  3 giant cockroaches
  6 goblins
  9 hobgoblins
  2 quokkas
  2 frilled lizards
  12 kobolds
  4 rats
123 creatures vanquished.

Vanquished Creatures (others)
  An orc wizard (D:5)
  2 plants (D:5)
3 creatures vanquished.

Grand Total: 126 creatures vanquished

Notes
Turn   | Place    | Note
-------+----------+-------------------------------------------
     0 | D:1      | qw the Gargoyle Berserker began the quest for the Orb.
     0 | D:1      | Reached XP level 1. HP: 14/14 MP: 1/1
     0 | D:1      | 0 ||| qw: Version: 0.1-a-103-gd6f5d3a
     0 | D:1      | 0 ||| qw: Game counter: 5691
     0 | D:1      | 0 ||| qw: Always use a shield: true
     0 | D:1      | 0 ||| qw: Do Orc after D:15 true
     0 | D:1      | 0 ||| qw: Do second Lair branch before Depths: true
     0 | D:1      | 0 ||| qw: Lair rune preference: random
     0 | D:1      | 0 ||| qw: Plans: Normal
     0 | D:1      | 0 ||| PLANNING D:1-11
    93 | D:1      | 93 ||| INVOKING Berserk.
    94 | D:1      | 94 ||| INVOKING Berserk.
    96 | D:1      | Reached skill level 3 in Axes
   279 | D:1      | 279 ||| Stepping ~*~*~tactically~*~*~ (stealth).
   283 | D:1      | Reached XP level 2. HP: 15/19 MP: 2/2
   296 | D:1      | 296 ||| Stepping ~*~*~tactically~*~*~ (stealth).
   682 | D:1      | 682 ||| Stepping ~*~*~tactically~*~*~ (stealth).
   698 | D:1      | 698 ||| Stepping ~*~*~tactically~*~*~ (stealth).
   701 | D:1      | 701 ||| Stepping ~*~*~tactically~*~*~ (stealth).
   702 | D:1      | 702 ||| Stepping ~*~*~tactically~*~*~ (stealth).
   882 | D:1      | 882 ||| DROPPING +0 club.
   887 | D:1      | 887 ||| Stepping ~*~*~tactically~*~*~ (hiding).
   989 | D:1      | 989 ||| Stepping ~*~*~tactically~*~*~ (hiding).
  1264 | D:1      | Reached XP level 3. HP: 23/23 MP: 3/3
  1357 | D:1      | Found a faded altar of an unknown god.
  1789 | D:1      | 1789 ||| READING scroll labelled JETYPA RUAGUCE.
  1790 | D:1      | 1790 ||| READING 2 scrolls labelled ZUKLAA OTI POU.
  1791 | D:1      | 1791 ||| DRINKING 2 golden potions.
  1792 | D:1      | 1792 ||| DROPPING potion of magic.
  1847 | D:2      | Reached skill level 4 in Axes
  2232 | D:2      | 2232 ||| Stepping ~*~*~tactically~*~*~ (stealth).
  2234 | D:2      | 2234 ||| Stepping ~*~*~tactically~*~*~ (stealth).
  2283 | D:2      | 2283 ||| Stepping ~*~*~tactically~*~*~ (stealth).
  2309 | D:2      | Reached ** piety under Trog
  2651 | D:2      | 2651 ||| UPGRADING to +0 leather armour.
  2661 | D:2      | 2661 ||| DROPPING +0 animal skin.
  2662 | D:2      | 2662 ||| READING scroll labelled BEFFAFA JEIRULULE.
  2663 | D:2      | 2663 ||| READING 3 scrolls of identify.
  2663 | D:2      | 2663 ||| IDENTIFYING murky red potion
  2664 | D:2      | 2664 ||| READING 2 scrolls of identify.
  2664 | D:2      | 2664 ||| IDENTIFYING orange potion
  2665 | D:2      | 2665 ||| DROPPING potion of flight.
  2666 | D:2      | 2666 ||| DROPPING potion of invisibility.
  2692 | D:3      | Found an iron altar of Okawaru.
  2731 | D:3      | Reached XP level 4. HP: 25/28 MP: 4/4
  2874 | D:3      | 2874 ||| SWAPPING to +0 war axe.
  2875 | D:3      | 2875 ||| DROPPING +0 hand axe.
  2949 | D:3      | Found a hazy altar of Hepliaklqana.
  2986 | D:3      | 2986 ||| Stepping ~*~*~tactically~*~*~ (stealth).
  2987 | D:3      | 2987 ||| Stepping ~*~*~tactically~*~*~ (stealth).
  3441 | D:3      | 3441 ||| UPGRADING to +0 pair of gloves.
  3446 | D:3      | 3446 ||| READING scroll labelled ARIDUTUAJI.
  3447 | D:3      | 3447 ||| READING scroll labelled BIGGEUH DIOKKA.
  3448 | D:3      | 3448 ||| READING scroll labelled AVESUE MUSAIT.
  3449 | D:3      | 3449 ||| READING scroll labelled PYMYGO KISEADORE.
  3452 | D:3      | 3452 ||| READING 3 scrolls of identify.
  3452 | D:3      | 3452 ||| IDENTIFYING lumpy pink potion
  3453 | D:3      | 3453 ||| DROPPING potion of berserk rage.
  3468 | D:4      | 3468 ||| PLANNING OSSUARY
  3477 | D:4      | Noticed a necrophage
  3481 | D:4      | 3481 ||| INVOKING Berserk.
  3484 | D:4      | Killed a necrophage
  3485 | D:4      | Reached skill level 5 in Axes
  3485 | D:4      | Reached XP level 5. HP: 24/32 MP: 5/5
  3660 | D:4      | 3660 ||| Stepping ~*~*~tactically~*~*~ (stealth).
  3662 | D:4      | 3662 ||| Stepping ~*~*~tactically~*~*~ (stealth).
  3673 | D:4      | 3673 ||| Stepping ~*~*~tactically~*~*~ (stealth).
  3674 | D:4      | 3674 ||| DROPPING +0 mace.
  3679 | D:4      | Noticed Grinder
  3680 | D:4      | 3680 ||| Stepping ~*~*~tactically~*~*~ (stealth).
  3790 | D:4      | 3790 ||| Stepping ~*~*~tactically~*~*~ (hiding).
  3791 | D:4      | 3791 ||| Stepping ~*~*~tactically~*~*~ (hiding).
  3796 | D:4      | 3796 ||| INVOKING Trog's Hand.
  3797 | D:4      | 3797 ||| INVOKING Berserk.
  3812 | D:4      | 3812 ||| INVOKING Trog's Hand.
  3813 | D:4      | Killed Grinder
  3814 | D:4      | Reached XP level 6. HP: 31/41 MP: 6/6
  3840 | D:4      | 3840 ||| Stepping ~*~*~tactically~*~*~ (stealth).
  3852 | D:4      | Reached XP level 7. HP: 45/45 MP: 7/7
  3863 | D:4      | 3863 ||| Stepping ~*~*~tactically~*~*~ (stealth).
  3867 | D:4      | 3867 ||| Stepping ~*~*~tactically~*~*~ (stealth).
  3868 | D:4      | 3868 ||| Stepping ~*~*~tactically~*~*~ (stealth).
  3881 | D:4      | Reached skill level 6 in Axes
  4135 | D:4      | 4135 ||| RIP OSSUARY
  4136 | D:4      | 4136 ||| PLANNING D:1-11
  4163 | D:4      | 4163 ||| Stepping ~*~*~tactically~*~*~ (stealth).
  4166 | D:4      | 4166 ||| Stepping ~*~*~tactically~*~*~ (hiding).
  4281 | D:4      | Found the +7 Throatcutter {drain, coup de grace}
  4652 | D:4      | 4652 ||| UPGRADING to +0 ring mail.
  4662 | D:4      | 4662 ||| DROPPING +0 leather armour.
  4663 | D:4      | 4663 ||| READING scroll labelled DONAS KA LYOVO.
  4664 | D:4      | 4664 ||| READING 3 scrolls of identify.
  4664 | D:4      | 4664 ||| IDENTIFYING glowing clear potion
  4665 | D:4      | 4665 ||| READING 2 scrolls of identify.
  4665 | D:4      | 4665 ||| IDENTIFYING blue potion
  4666 | D:4      | 4666 ||| DROPPING potion of attraction.
  4686 | D:5      | Entered Level 5 of the Dungeon
  4691 | D:5      | 4691 ||| INVOKING Berserk.
  4693 | D:5      | Reached skill level 7 in Axes
  4848 | D:5      | 4848 ||| INVOKING Berserk.
  4852 | D:5      | Reached skill level 1 in Throwing
  4861 | D:5      | Reached XP level 8. HP: 51/51 MP: 8/8
  5056 | D:5      | Found a sacrificial altar of Ru.
  5058 | D:5      | 5058 ||| INVOKING Berserk.
  5062 | D:5      | Reached skill level 8 in Axes
  5181 | D:5      | Found a sparkling altar of Nemelex Xobeh.
  5187 | D:5      | 5187 ||| READING scroll of brand weapon.
  5187 | D:5      | 5187 ||| BRANDING +0 war axe of protection.
  5295 | D:5      | Found a staircase to the Ecumenical Temple.
  5303 | D:5      | 5303 ||| Stepping ~*~*~tactically~*~*~ (stealth).
  5306 | D:5      | 5306 ||| Stepping ~*~*~tactically~*~*~ (hiding).
  5308 | D:5      | 5308 ||| Stepping ~*~*~tactically~*~*~ (stealth).
  5310 | D:5      | 5310 ||| Stepping ~*~*~tactically~*~*~ (stealth).
  5322 | D:5      | Reached *** piety under Trog
  5323 | D:5      | Reached skill level 6 in Fighting
  5455 | D:5      | Noticed Edmund
  5458 | D:5      | 5458 ||| INVOKING Berserk.
  5465 | D:5      | Killed Edmund
  5510 | D:5      | 5510 ||| DROPPING +0 flail.
  5654 | D:5      | Found a basalt altar of Yredelemnul.
  5677 | D:5      | 5677 ||| UPGRADING to +2 pair of boots.
  5682 | D:5      | 5682 ||| UPGRADING to +0 scale mail.
  5692 | D:5      | 5692 ||| DROPPING +0 ring mail.
  5693 | D:5      | 5693 ||| READING 2 scrolls of identify.
  5693 | D:5      | 5693 ||| IDENTIFYING coppery potion
  5757 | D:6      | 5757 ||| Stepping ~*~*~tactically~*~*~ (stealth).
  5768 | D:6      | 5768 ||| Stepping ~*~*~tactically~*~*~ (stealth).
  5769 | D:6      | 5769 ||| Stepping ~*~*~tactically~*~*~ (stealth).
  5771 | D:6      | 5771 ||| Stepping ~*~*~tactically~*~*~ (stealth).
  5777 | D:6      | 5777 ||| INVOKING Berserk.
  5785 | D:6      | Reached skill level 3 in Armour
  5966 | D:6      | 5966 ||| Stepping ~*~*~tactically~*~*~ (stealth).
  6052 | D:6      | Reached skill level 9 in Axes
  6053 | D:6      | 6053 ||| INVOKING Berserk.
  6056 | D:6      | Reached XP level 9. HP: 32/56 MP: 9/9
  6318 | D:6      | 6318 ||| Stepping ~*~*~tactically~*~*~ (stealth).
  6426 | D:6      | 6426 ||| Stepping ~*~*~tactically~*~*~ (stealth).
  6427 | D:6      | 6427 ||| Stepping ~*~*~tactically~*~*~ (stealth).
  6428 | D:6      | 6428 ||| Stepping ~*~*~tactically~*~*~ (stealth).
  6444 | D:6      | 6444 ||| INVOKING Berserk.
  6618 | D:6      | 6618 ||| DROPPING +1 flail of protection.
  6711 | D:6      | Found a glowing silver altar of Zin.
  6781 | D:6      | 6781 ||| UPGRADING to +2 cloak.
  6786 | D:6      | 6786 ||| READING 2 scrolls of identify.
  6786 | D:6      | 6786 ||| IDENTIFYING viscous yellow potion
  6787 | D:6      | 6787 ||| DROPPING potion of lignification.
  6806 | D:5      | 6806 ||| READING scroll of teleportation.
  6910 | D:5      | Noticed a rust devil
  6910 | D:5      | Noticed a rust devil
  6912 | D:5      | 6912 ||| INVOKING Berserk.
  6919 | D:5      | HP: 15/85 [orc warrior/+0 long sword (27)]
  6920 | D:5      | HP: 2/85 [orc warrior/+0 long sword (13)]
  6921 | D:5      | Killed a rust devil
  6925 | D:5      | Slain by an orc warrior

Levels and vault maps discovered:
D:1:      nicolae_arrival_somewhat_less_tricky_arrival, layout_basic,
          hellmonk_ecumenical_altar_slurped_away
D:2:      layout_basic
D:3:      layout_rooms, mainiacjoe_overflow_brackets, overflow_temple_1_default,
          minivault_25, columned_hall_lemuel
D:4:      layout_loops_ring, nicolae_ossuary_entry_ruins,
          dilly_guarded_unrand_throatcut, uniq_grinder
D:5:      cheibrodos_iron_armory, layout_cave_pools, yredelemnul_altar_generic,
          mainiacjoe_overflow_large_starburst,
          minmay_temple_entry_gardened_gates, uniq_edmund
D:6:      layout_rooms, zin_treasury, minivault_25

Skill      XL: |  1  2  3  4  5  6  7  8  9 |
---------------+----------------------------+-----
Axes           | 3 4 5 7 9 |  9.7
Fighting       | 5 6 7 |  7.0
Throwing       | 1 |  1.7
Armour         | 3 5 |  5.2
Dodging        | |  1.5

Action                   |  1- 3 |  4- 6 |  7- 9 || total
-------------------------+-------+-------+-------++-------
Melee: Hand axe          |   106 |     1 |       ||   107
       Punch             |     1 |       |     2 ||     3
       War axe           |       |    79 |   193 ||   272
Throw: Boomerang         |       |       |    26 ||    26
Invok: Berserk           |     1 |     2 |     8 ||    11
       Trog's Hand       |       |     2 |       ||     2
  Use: Scroll            |     5 |     5 |     7 ||    17
       Potion            |     1 |       |       ||     1
Armor: Animal skin       |    29 |       |       ||    29
       Leather armour    |     5 |    40 |    26 ||    71
       Ring mail         |       |       |    40 ||    40
       Scale mail        |       |       |    28 ||    28
Dodge: Dodged            |    48 |    43 |    96 ||   187

Table legend:
 A = Non-vault XP
 B = Vault XP
 C = Vault XP percentage of total XP
 D = Non-vault monster count
 E = Vault monster count
 F = Vault count percentage of total count
                 A         B        C        D         E       F
            +---------+---------+-------+---------+---------+-------
      Total |    2361 |    1235 |  34.3 |     110 |      13 |  10.6
            +---------+---------+-------+---------+---------+-------
        D:1 |      37 |       2 |   5.1 |      21 |       1 |   4.5
        D:2 |      31 |       0 |   0.0 |      12 |       0 |   0.0
        D:3 |      69 |       0 |   0.0 |      17 |       0 |   0.0
        D:4 |     344 |     500 |  59.2 |      20 |       9 |  31.0
        D:5 |     798 |     733 |  47.9 |      20 |       3 |  13.0
        D:6 |    1082 |       0 |   0.0 |      20 |       0 |   0.0
            +---------+---------+-------+---------+---------+-------
